Workbook

Sheet Descuentos vigentes
K3: Caducados
D4: Descuentos Autorizados | K4: Proximos a Caducar
D5: PONTIFICIA UNIVERSIDAD JAVERIANA | K5: Con Tiempo
D7: SOLICITUD DE DESCUENTOS PUJ | J7: Hoy | K7: =TODAY() -> 44810
J8: Días de Alerta a vencer | K8: 15
A11: VIGENCIA | B11: DESCUENTO | C11: % DE DESCUENTO | E11: BENEFICIARIOS | F11: REQUISITOS | G11: FECHA DE LA FIRMA DEL CONVENIO | H11: DURACION | I11: FECHA DE VIGENCIA | J11: Días faltantes
A12: =IF(J12<=0,$K$3,IF(J12<=$K$8,$K$4,$K$5)) -> Caducados | B12: Ministerio de Defensa Nacional | G12: 25 octubre de 2018 | H12: 3 años | I12: 44607 | J12: =I12-$K$7 -> -203
C13: 0.1 | D13: Pregrado
C14: 0.2 | D14: Posgrado | E14: Uniformados Activos | F14: Certificación SIATH no mayor a 30 dias
C15: 0.25 | D15: Posgrado (Grupos de 5 o más funcionarios presentados por la entidad) | E15: No Uniformados - Civiles Activos con la entidad (Se excluyen contratistas) | F15: Fotocopia de Carné de Sanidad
C16: 0.15 | D16: Diplomados (Grupos de 3 a 5 participantes) | E16: y sus beneficiarios : padres, hijos y conyugues o compañeros permanentes | F16: Fotocopia del documento de identidad del funcionario
C17: 0.2 | D17: Diplomados (Más 5 participantes)
C18: 0.25 | D18: Diplomados y cursos para grupos cerrados de minimo 20 part.
A19: =IF(J19<=0,$K$3,IF(J19<=$K$8,$K$4,$K$5)) -> Con Tiempo | B19: Departamento Nacional de Planeación | G19: 18 junio de 2021 | H19: 2 años (24 meses) | I19: 45095 | J19: =I19-$K$7 -> 285
C20: 0.1 | D20: Pregrado
C21: 0.1 | D21: Posgrado | E21: Funcionarios de la entidad e hijos. | F21: Certificación por parte de la entidad no mayor a 30 dias
C22: 0.25 | D22: Posgrado (Grupos de más 15 funcionarios o contratistas presentados por la entidad) | E22: Contratistas de la entidad e hijos. | F22: Registro Civil de Nacimiento (si el beneficio aplica a hijos de funcionarios y Contratistas)
C23: 0.15 | D23: Diplomados (Grupos de 3 a 5 participantes funcionarios o contratistas)
C24: 0.2 | D24: Diplomados (Más 5 participantes funcionarios o contratistas)
B25: Asociación Colombiana para el Avance de la Ciencia ACAC | C25: 0.1 | D25: Pregrado y Posgrado | E25: Asociado vigente vinculado a ACAC | F25: Certificación por parte de la entidad no mayor a 30 dias | G25: 05 julio de 2019 | H25: 1 año | I25: Convenio vigente de acuerdo a comunicación con la Dirección de Mercadeo de Programas Academicos
A28: =IF(J28<=0,$K$3,IF(J28<=$K$8,$K$4,$K$5)) -> Con Tiempo | B28: Secretaria Distrital de Integración Social | C28: 0.1 | D28: Pregrado y Posgrado (Servidores de planta e hijos) | E28: Servidores de Planta e Hijos | H28: 3 años | I28: 45817 | J28: =I28-$K$7 -> 1007
C29: 0.12 | D29: Pregrado y Posgrado (Contratistas vinculados a la entidad) | E29: Contratistas (Personas con contrato de prestación de servicios) | G29: 11 de junio de 2019
C30: 0.2 | D30: Posgrado (Grupos cerrados serv. de planta e hijos) | F30: Certificación Laboral de la entidad no mayor a 30 dias
C31: 0.25 | D31: Posgrado (Grupos cerrados contratistas) | E31: Los grupos cerrados son Min 15 estudiantes y Max 30 estudiantes. | F31: Registro Civil de Nacimiento (si el beneficio aplica a hijos de funcionarios) | G31: *Prorroga 09 junio 2022
C32: 0.15 | D32: Diplomados (3 a 5 participantes - Serv. de planta y contratistas)
C33: 0.2 | D33: Diplomados (Más de 5 participantes - Serv. de planta y contratistas)
A34: =IF(J34<=0,$K$3,IF(J34<=$K$8,$K$4,$K$5)) -> Con Tiempo | B34: Departamento Administrativo para Prosperidad Social | C34: 0.1 | D34: Pregrado (Funcionarios y beneficiarios) | E34: Funcionarios de Planta y sus beneficiarios / Se entiende por beneficiarios hijos, conyugues o compañeros permanentes del funcionario. | G34: 10 diciembre de 2019 | H34: 3 años | I34: 44925 | J34: =I34-$K$7 -> 115
C35: 0.2 | D35: Posgrado (Funcionarios y beneficiarios) | F35: Certificación laboral de la entidad no mayor a 30 dias.
C36: 0.25 | D36: Posgrado (Grupos de 5 o más funcionarios presentados por la entidad) | F36: Para el caso de los beneficiarios, la entidad emitirá un certificado donde se especifique el grado de consanguinidad o afinidad del beneficiario con el servidor publico.
C37: 0.15 | D37: Diplomados (Grupos de 3 a 5 funcionarios de planta)
C38: 0.2 | D38: Diplomados (Más de 5 participantes funcionarios de planta)
A39: =IF(J39<=0,$K$3,IF(J39<=$K$8,$K$4,$K$5)) -> Con Tiempo | B39: Universidad La Gran Colombia | C39: 0.25 | D39: Doctorados | E39: Docentes, investigadores y administrativos vinculados tiempo completo con la Universidad | F39: La Universidad a través de un comunicado presentará a los beneficiarios del descuento. | G39: 30 enero de 2020 | H39: 5 años | I39: 45687 | J39: =I39-$K$7 -> 877
A42: =IF(J42<=0,$K$3,IF(J42<=$K$8,$K$4,$K$5)) -> Con Tiempo | B42: British Council | G42: 04 Octubre de 2021 | H42: 2 año | I42: 45203 | J42: =I42-$K$7 -> 393
C43: 0.05 | D43: Pregrado (Hijos Profesores / Administrativo Instituciones Educativas vinculadas) | E43: Egresados | F43: Certificación Laboral del colegio vinculado con el British Council no mayor a 30 dias
C44: 0.08 | D44: Pregrado - Egresados de Instituciones Educativas vinculadas | E44: Docentes
C45: 0.05 | D45: Posgrado - Administrativo Instituciones Educativas vinculadas | E45: Directivos de la entidad | F45: Copia Diploma o Acta de Grado de la Universidad
C46: 0.15 | D46: Posgrado - Profesores Instituciones Educativas vinculadas | E46: Funcionarios de la entidad e hijos.
C47: 0.25 | D47: Posgrado (Profesores / Administrativo Instituciones Educativas vinculadas) Primer Otrosí | F47: Para el caso de los beneficiarios, adjuntar adicionalmente copia del registro civil de nacimiento.
A50: =IF(J50<=0,$K$3,IF(J50<=$K$8,$K$4,$K$5)) -> Con Tiempo | B50: Sena | G50: 08 Noviembre de 2021 | H50: 5 año | I50: 46334 | J50: =I50-$K$7 -> 1524
C51: 0.05 | D51: Pregrado - Egresados del SENA | E51: Egresados | F51: Certificación Laboral no mayor a 30 dias
C52: 0.3 | D52: Pregrado - Hijos de funcionarios SENA | E52: Funcionarios de la entidad e hijos.
C53: 0.1 | D53: Posgrado - Servidores públicos del SENA | E53: Funcionarios | F53: Copia Diploma o Acta de Grado del Sena
C54: 0.25 | D54: Posgrado (Grupos de 5 o más funcionarios presentados por la entidad) | E54: Los pogramas de MBA (ejecutivo y “tradicional”), las especializaciones médicoquirúrgicas y odontológicas no aplican al dsct | F54: Para el caso de los beneficiarios, adjuntar adicionalmente copia del registro civil de nacimiento.
A55: =IF(J55<=0,$K$3,IF(J55<=$K$8,$K$4,$K$5)) -> Con Tiempo | B55: Universidad Minuto de Dios | F55: Certificación Laboral de la Universidad Minuto de Dios no mayor a 30 dias | G55: 08 noviembre de 2018 | H55: 5 años | I55: 45238 | J55: =I55-$K$7 -> 428
C56: 0.25 | D56: Especialización y Maestria (Docentes y Administrativos de Planta) | E56: Docentes
C57: 0.5 | D57: Doctorado (Docentes) Máximo 10 becas | E57: Administrativos
A59: =IF(J59<=0,$K$3,IF(J59<=$K$8,$K$4,$K$5)) -> Caducados | B59: Funcionarios Colegios ACODESI (Asociación de Colegios Jesuitas de Colombia) | C59: 0.25 | D59: Posgrado | F59: Certificación Laboral del Colegio perteneciente a ACODESI no mayor a 30 dias | G59: 11 julio de 2019 | H59: 1 año | I59: 44773 | J59: =I59-$K$7 -> -37
E60: Docentes | G60: Otrosi 15 mayo de 2020
E61: Directivos de la entidad
G62: Otrosi 28 mayo de 2020
B64: Egresados Colegios ACODESI (Asociación de Colegios Jesuitas de Colombia) | C64: 0.15 | D64: Pregrado | E64: Egresados de Colegios ACODESI | F64: Copia Diploma o Acta de Grado | G64: 29 abril de 2020 | H64: No se menciona en el documento
F65: Certificación Grado 11
F66: Boletin de Notas Grado 11 del último periodo académico
B67: Egresados Universidades AUSJAL (Asociación de Universidades confiadas a la Compañía de Jesús en América Latina) | C67: 0.1 | D67: Posgrados y Programas de Educación Continua | E67: Egresados de las Universidades de la Compañía de Jesús | F67: Copia Diploma o Acta de Grado de la Universidad | G67: 30 Octubre de 2019 | H67: No se menciona en el documento
A71: =IF(J71<=0,$K$3,IF(J71<=$K$8,$K$4,$K$5)) -> Caducados | B71: Asociación Andina de Colegios de Bachillerato Internacional AACBI | C71: 0.05 | D71: Pregrado (Hijos Profesores / Administrativo Instituciones Educativas vinculados con la Asociación) | E71: Egresados de colegios vinculados a la ASOCIACIÓN | F71: Certificación Laboral del Colegio perteneciente a AACBI y copia de registro civil | G71: Convenio 12 Agosto de 2019 | H71: 1 año | I71: 44784 | J71: =I71-$K$7 -> -26
C72: 0.08 | D72: Pregrado Egresados de colegios vinculados a la ASOCIACIÓN | F72: Copia Diploma o Acta de Grado
C73: 0.25 | D73: Posgrado Directivos de la entidad / Docentes Instituciones Educativas Vinculadas con la Asociación (Primer otrosí) | E73: Directivos de la entidad / Docentes Instituciones Educativas Vinculadas con la Asociación | F73: Certificación Laboral del Colegio perteneciente a AACBI | G73: Otrosi 10 Agosto de 2020
C74: 0.15 | D74: Posgrado (Profesores de Instituciones Educativas vinculados con la Asociación) | E74: Profesores / Administrativo Instituciones Educativas vinculados con la Asociación | F74: Certificación por parte de la entidad no mayor a 30 dias que indique la vinculación
C75: 0.05 | D75: Posgrado (Administrativo Instituciones Educativas vinculados con la Asociación) | G75: Otrosi 28 Mayo de 2021
A77: =IF(J77<=0,$K$3,IF(J77<=$K$8,$K$4,$K$5)) -> Con Tiempo | B77: IBM | C77: 0.08 | D77: Hijos de funcionarios en pregrado | F77: Certificación laboral de la entidad no mayor a 30 dias. | I77: 44889 | J77: =I77-$K$7 -> 79
C78: 0.15 | D78: Funcionarios en posgrado | F78: Para el caso de los beneficiarios, adjuntar adicionalmente copia del registro civil de nacimiento. | G78: 24 Noviembre de 2021 | H78: 1 año
E79: Funcionarios de la entidad e hijos.
C80: 0.25 | D80: Grupo de empleados en posgrado
C81: 0.15 | D81: Servidores publicos y contratistas en diplomados (grupos 3 a 5 per.)
C82: 0.25 | D82: Servidores publicos y contratistas en diplomados (grupos mas de 5 per.)
A83: =IF(J83<=0,$K$3,IF(J83<=$K$8,$K$4,$K$5)) -> Con Tiempo | B83: NUEVA EPS | C83: 0.08 | D83: Hijos de funcionarios en pregrado | F83: Certificación laboral de la entidad no mayor a 30 dias. | I83: 44890 | J83: =I83-$K$7 -> 80
C84: 0.15 | D84: Funcionarios en posgrado | E84: Funcionarios de la entidad e hijos. | F84: Para el caso de los beneficiarios, adjuntar adicionalmente copia del registro civil de nacimiento. | G84: 24 Noviembre de 2021 | H84: 1 año
C85: 0.25 | D85: Grupo de empleados en posgrado
A89: =IF(J89<=0,$K$3,IF(J89<=$K$8,$K$4,$K$5)) -> Con Tiempo | B89: KPMG S.A.S , KPMG ADVISORY, KPMG AUDI S.A.S | F89: Certificación laboral de la entidad no mayor a 30 dias. | I89: 45245 | J89: =I89-$K$7 -> 435
C90: 0.08 | D90: Hijos de funcionarios en pregrado
C91: 0.1 | D91: Funcionarios posgrado | E91: Funcionarios de la entidad e hijos. | F91: Para el caso de los beneficiarios, adjuntar adicionalmente copia del registro civil de nacimiento.
C92: 0.25 | D92: Grupo de mas de 5 per. | G92: 15 Noviembre de 2021 | H92: 2 año
C93: 0.15 | D93: Funcionarios en diplomados (grupos 3 a 5 per.)
C94: 0.2 | D94: Funcionarios en diplomados (grupos mas de 5 per.)
A95: =IF(J95<=0,$K$3,IF(J95<=$K$8,$K$4,$K$5)) -> Con Tiempo | B95: REDEBAN MULTICOLOR | F95: Certificación laboral de la entidad no mayor a 30 dias. | I95: 44826 | J95: =I95-$K$7 -> 16
C96: 0.08 | D96: Hijos de empleados en pregrado
C97: 0.1 | D97: Empleados y colaborador posgrado | E97: Funcionarios de la entidad e hijos. | F97: Para el caso de los beneficiarios, adjuntar adicionalmente copia del registro civil de nacimiento.
C98: 0.25 | D98: Grupo de Empleados. | G98: 22 Septiembre de 2021 | H98: 1 año
C99: 0.15 | D99: Funcionarios en diplomados (grupos 3 a 5 per.)
C100: 0.2 | D100: Funcionarios en diplomados (grupos mas de 5 per.)
A101: =IF(J101<=0,$K$3,IF(J101<=$K$8,$K$4,$K$5)) -> Con Tiempo | B101: LA ACHC | F101: Certificación laboral de la entidad no mayor a 30 dias. | I101: 44922 | J101: =I101-$K$7 -> 112
C102: 0.08 | D102: Hijos de funcionarios en pregrado
C103: 0.1 | D103: Funcionarios en posgrado | E103: Funcionarios de la entidad e hijos. | F103: Para el caso de los beneficiarios, adjuntar adicionalmente copia del registro civil de nacimiento.
C104: 0.25 | D104: Grupo de empleados en posgrado | G104: 27 Diciembre de 2021 | H104: 1 año
C105: 0.15 | D105: Servidores publicos y contratistas en diplomados (grupos 3 a 5 per.)
C106: 0.2 | D106: Servidores publicos y contratistas en diplomados (grupos mas de 5 per.)
A107: =IF(J107<=0,$K$3,IF(J107<=$K$8,$K$4,$K$5)) -> Con Tiempo | B107: CONSEJO NORUEGO PARA REFUGIADOS - NRC | F107: Certificación laboral de la entidad no mayor a 30 dias. | I107: 45017 | J107: =I107-$K$7 -> 207
C108: 0.08 | D108: Hijos de funcionarios en pregrado
C109: 0.1 | D109: Funcionarios en posgrado | E109: Funcionarios de la entidad e hijos. | F109: Para el caso de los beneficiarios, adjuntar adicionalmente copia del registro civil de nacimiento.
C110: 0.25 | D110: Grupo de empleados en posgrado | G110: 01 Abril de 2022 | H110: 1 año
C111: 0.15 | D111: Servidores publicos y contratistas en diplomados (grupos 3 a 5 per.)
C112: 0.2 | D112: Servidores publicos y contratistas en diplomados (grupos mas de 5 per.)
A113: =IF(J113<=0,$K$3,IF(J113<=$K$8,$K$4,$K$5)) -> Con Tiempo | B113: KYNDRYL | F113: Certificación laboral de la entidad no mayor a 30 dias. | I113: 44849 | J113: =I113-$K$7 -> 39
C114: 0.08 | D114: Hijos de funcionarios en pregrado
C115: 0.1 | D115: Funcionarios en posgrado | E115: Funcionarios de la entidad e hijos. | F115: Para el caso de los beneficiarios, adjuntar adicionalmente copia del registro civil de nacimiento.
C116: 0.25 | D116: Grupo de empleados en posgrado | G116: 15 Octubre de 2021 | H116: 1 año
C117: 0.15 | D117: Servidores publicos y contratistas en diplomados (grupos 3 a 5 per.)
C118: 0.2 | D118: Servidores publicos y contratistas en diplomados (grupos mas de 5 per.)
A119: =IF(J119<=0,$K$3,IF(J119<=$K$8,$K$4,$K$5)) -> Con Tiempo | B119: PROMEDICO | F119: Certificación laboral de la entidad no mayor a 30 dias. | I119: 44835 | J119: =I119-$K$7 -> 25
C120: 0.08 | D120: Hijos de funcionarios en pregrado
...

Sheet Convenios caducados
K3: Caducados
D4: Descuentos Autorizados | K4: Proximos a Caducar
D5: PONTIFICIA UNIVERSIDAD JAVERIANA | K5: Con Tiempo
D7: SOLICITUD DE DESCUENTOS PUJ | J7: Hoy | K7: =TODAY() -> 44810
J8: Días de Alerta a vencer | K8: 15
A10: VIGENCIA | B10: DESCUENTO | C10: % DE DESCUENTO | E10: BENEFICIARIOS | F10: REQUISITOS | G10: FECHA DE LA FIRMA DEL CONVENIO | H10: DURACION | I10: FECHA DE VIGENCIA | J10: Días faltantes
A11: =IF(J11<=0,'Descuentos vigentes'!$K$3,IF(J11<='Descuentos vigentes'!$K$8,'Descuentos vigentes'!$K$4,'Descuentos vigentes'!$K$5)) -> Caducados | B11: Cámara de Representantes | C11: 0.05 | D11: 3 a 5 estudiantes de posgrado | E11: Funcionario de la Cámara de Representantes | F11: Solicitud del descuento por escrito, por parte de la Dirección de Personal de la entidad, con los datos del funcionario. | G11: 07 julio de 2020 | H11: 2 años | I11: 44749 | J11: =I11-'Descuentos vigentes'!$K$7 -> -61
C12: 0.08 | D12: 6 a 9 estudiantes de posgrado
C13: 0.1 | D13: 10 estudiantes en adelante de posgrado
A14: =IF(J14<=0,'Descuentos vigentes'!$K$3,IF(J14<='Descuentos vigentes'!$K$8,'Descuentos vigentes'!$K$4,'Descuentos vigentes'!$K$5)) -> Caducados | B14: Alcaldía de Barranquilla | F14: Certificación laboral de la entidad no mayor a 30 dias. | I14: 44749 | J14: =I14-'Descuentos vigentes'!$K$7 -> -61
C15: 0.1 | D15: Hijos de funcionarios en pregrado | E15: Funcionarios de la entidad e hijos.
C16: 0.1 | D16: Funcionarios y contratistas en posgrado | E16: Se incluyen contratistas | F16: Para el caso de los beneficiarios, adjuntar adicionalmente copia del registro civil de nacimiento.
C17: 0.15 | D17: Servidores publicos y contratistas en diplomados (grupos 3 a 5 per.) | G17: 07 Julio de 2021 | H17: 1 año
C18: 0.2 | D18: Servidores publicos y contratistas en diplomados (grupos mas de 5 per.)
A20: =IF(J20<=0,'Descuentos vigentes'!$K$3,IF(J20<='Descuentos vigentes'!$K$8,'Descuentos vigentes'!$K$4,'Descuentos vigentes'!$K$5)) -> Caducados | B20: Banco de Occidente | F20: Certificación laboral de la entidad no mayor a 30 dias. | I20: 44706 | J20: =I20-'Descuentos vigentes'!$K$7 -> -104
C21: 0.05 | D21: Hijos de funcionarios en pregrado
C22: 0.05 | D22: Funcionarios en posgrado | E22: Funcionarios de la entidad e hijos. | F22: Para el caso de los beneficiarios, adjuntar adicionalmente copia del registro civil de nacimiento.
C23: 0.25 | D23: Grupo de empleados en posgrado | G23: 25 Mayo de 2021 | H23: 1 año
C24: 0.15 | D24: Servidores publicos y contratistas en diplomados (grupos 3 a 5 per.)
C25: 0.2 | D25: Servidores publicos y contratistas en diplomados (grupos mas de 5 per.)
A26: =IF(J26<=0,'Descuentos vigentes'!$K$3,IF(J26<='Descuentos vigentes'!$K$8,'Descuentos vigentes'!$K$4,'Descuentos vigentes'!$K$5)) -> Caducados | B26: COOPEDAC | J26: =I28-'Descuentos vigentes'!$K$7 -> -45
C27: 0.05 | D27: Empleado posgrado (grupos 3 a 5 per.) | E27: Empleados de la empresa | F27: Ser presentados por COOPEDAC de manera formal (a través de un bono educativo en el que se indiquen los datos del funcionario y se solicite el descuento en el marco del presente convenio).
C28: 0.08 | D28: Empleado posgrado (grupos 6 a 9 per.) | G28: 44035 | H28: 2 año | I28: 44765
C29: 0.1 | D29: Empleado posgrado (grupos mas de 10 per.)
A32: =IF(J32<=0,'Descuentos vigentes'!$K$3,IF(J32<='Descuentos vigentes'!$K$8,'Descuentos vigentes'!$K$4,'Descuentos vigentes'!$K$5)) -> Caducados | B32: Conpucol | J32: =I34-'Descuentos vigentes'!$K$7 -> -198
C33: 0.05 | D33: Empleado posgrado (grupos 3 a 5 per.) | E33: Empleados de la empresa | F33: Ser presentados por Conpucol de manera formal (a través de un bono educativo en el que se indiquen los datos del funcionario y se solicite el descuento en el marco del presente convenio).
C34: 0.08 | D34: Empleado posgrado (grupos 6 a 9 per.) | G34: 43881 | H34: 2 año | I34: 44612
C35: 0.1 | D35: Empleado posgrado (grupos mas de 10 per.)
A38: =IF(J38<=0,'Descuentos vigentes'!$K$3,IF(J38<='Descuentos vigentes'!$K$8,'Descuentos vigentes'!$K$4,'Descuentos vigentes'!$K$5)) -> Caducados | B38: ADECCO | J38: =I40-'Descuentos vigentes'!$K$7 -> -179
C39: 0.05 | D39: Empleado posgrado (grupos 3 a 5 per.) | E39: Empleados de la empresa | F39: Ser presentados por ADECCO de manera formal (a través de un bono educativo en el que se indiquen los datos del funcionario y se solicite el descuento en el marco del presente convenio).
C40: 0.08 | D40: Empleado posgrado (grupos 6 a 9 per.) | G40: 44266 | H40: 1 año | I40: 44631
C41: 0.1 | D41: Empleado posgrado (grupos mas de 10 per.)

Sheet Col y Univer Compañia de Jesús
B3: LISTADO DE COLEGIOS PERTENECIENTES A LA COMPAÑÍA DE JESÚS | F3: LISTADO DE UNIVERSIDADES CONFIADAS A LA COMPAÑÍA DE JESÚS EN LATINOAMERICA
B5: 1 | C5: Colegio Berchmans | D5: Cali | F5: 1 | G5: Universidad Católica de Córdoba | H5: Argentina
B6: 2 | C6: Colegio Mayor de San Bartolomé | D6: Bogotá | F6: 2 | G6: UNISINOS - Universidade do Vale do Rio dos Sinos | H6: Brasil
B7: 3 | C7: Colegio San Bartolomé La Merced | D7: Bogotá | F7: 3 | G7: Pontificia Universidade Católica do Rio de Janeiro - PUC-Rio | H7: Brasil
B8: 4 | C8: Colegio San Francisco Javier | D8: Pasto | F8: 4 | G8: Universidade Católica de Pernambuco | H8: Brasil
B9: 5 | C9: Colegio San Ignacio de Loyola | D9: Medellin | F9: 5 | G9: Centro Universitário FEI | H9: Brasil
B10: 6 | C10: Colegio San José | D10: Barranquilla | F10: 6 | G10: Faculdade Jesuíta de Filosofia e Teologia (Faje) | H10: Brasil
B11: 7 | C11: Colegio San Luis Gonzaga | D11: Manizales | F11: 7 | G11: Universidad Alberto Hurtado | H11: Chile
B12: 8 | C12: Colegio San Pedro Claver | D12: Bucaramanga | F12: 8 | G12: Pontificia Universidad Católica del Ecuador | H12: Ecuador
B13: 9 | C13: Colegio Santa Luisa | D13: Bogotá | F13: 9 | G13: Universidad Centroamericana "José Simeón Cañas" | H13: El Salvador
F14: 10 | G14: Universidad Rafael Landívar | H14: Guatemala
F15: 11 | G15: Universidad Iberoamericana Torreón | H15: México
F16: 12 | G16: Universidad Iberoamericana Ciudad de México | H16: México
F17: 13 | G17: Universidad Iberoamericana Puebla | H17: México
F18: 14 | G18: Universidad Iberoamericana León | H18: México
F19: 15 | G19: Universidad Iberoamericana Tijuana | H19: México
F20: 16 | G20: ITESO Universidad Jesuita de Guadalajara | H20: México
F21: 17 | G21: ISIA-Instituto Superior Intercultural Ayuuk Oaxaca-Mixe | H21: México
F22: 18 | G22: Tecnológico Universitario del Valle de Chalco | H22: México
F23: 19 | G23: Universidad Centroamericana, UCA Nicaragua | H23: Nicaragua
F24: 20 | G24: Instituto Superior de Estudios Humanísticos y Filosóficos | H24: Paraguay
F25: 21 | G25: Universidad del Pacífico | H25: Perú
... F32: 28 | G32: Instituto Universitario Jesús Obrero | H32: Venezuela

Sheet Colegios AACBI
B3: LISTADO DE COLEGIOS AACBI
B5: 1 | C5: Buckingham School
B6: 2 | C6: Cambridge International School
B7: 3 | C7: Colegio Abraham Lincoln
B8: 4 | C8: Colegio Albania – El Cerrejón
B9: 5 | C9: Colegio Aleman Medellín
B10: 6 | C10: Colegio Anglo Colombiano
B11: 7 | C11: Colegio Aspaen Gimnasio Iragua
B12: 8 | C12: Colegio Aspaen Gimnasio Los Alcazares
B13: 9 | C13: Colegio Britanico De Cartagena
B14: 10 | C14: Colegio Británico Internacional
B15: 11 | C15: Colegio Ciedi
B16: 12 | C16: Colegio Colombo Británico
... B50: 46 | C50: The English School

Sheet Colegios British Council
B3: LISTADO DE COLEGIOS asociados a British Council
B5: 1 | C5: Colegio Bilingüe Clermont
B6: 2 | C6: Colegio Colombo Americano
B7: 3 | C7: Colegio Colombo Hebreo
B8: 4 | C8: Colegio Ingles de los Andes
B9: 5 | C9: Colegio Liceo de Colombia
B10: 6 | C10: Colegio Marymount Barranquilla
B11: 7 | C11: Colegio Marymount Medellín
B12: 8 | C12: Colegio Montessori
B13: 9 | C13: Colegio Newman
B14: 10 | C14: Colegio Nueva Inglaterra
B15: 11 | C15: Colegio Sagrado Corazon de Jesus
B16: 12 | C16: Colegio San Bartolome La Merced
... B26: 22 | C26: Montessori British School

Sheet Entidades DASCD
B3: LISTADO DE ENTIDADES DASCD
C5: Caja de Vivienda Popular - CVP
B6: 2 | C6: Canal Capital
B7: 3 | C7: Concejo de Bogotá D.C.
B8: 4 | C8: Contraloría de Bogotá D.C.
B9: 5 | C9: Departamento Administrativo de la Defensoría del Espacio Público - DADEP
B10: 6 | C10: Departamento Administrativo del Servicio Civil Distrital - DASCD
B11: 7 | C11: Empresa de Acueducto y Alcantarillado de Bogotá E.S.P. - EAAB
B12: 8 | C12: Empresa de Renovación y Desarrollo Urbano de Bogotá D.C. - ERU
B13: 9 | C13: Empresa de Transporte del Tercer Milenio - TRANSMILENIO S.A
B14: 10 | C14: Fondo De Prestaciones Económicas, Cesantías Y Pensiones - FONCEP
B15: 11 | C15: Fundación Gilberto Álzate Avendaño - FUGA
B16: 12 | C16: Instituto de Desarrollo Urbano - IDU
B17: 13 | C17: Instituto Distrital de la Gestión del Riesgo y Cambio Climático - IDIGER
... B56: 52 | C56: Veeduría Distrital de Bogotá D.C.

Sheet Entidades Punto Azul
C2: NIT | D2: RAZÓN SOCIAL
C3: 860002693 - 3 | D3: 3M Colombia S.A.
C4: 900932340 - 3 | D4: A. Menarini Latin America, S.L.U. - Sucursal Colombia
C5: 860002134 - 8 | D5: Abbott Laboratories De Colombia S.A.S.
C6: 900514524 - 9 | D6: Abbvie S.A.S.
C7: 830139989 - 8 | D7: Actifarma S.A.
C8: 900126800 - 2 | D8: Advance Scientific De Colombia S.A.S.
C9: 901338428 - 9 | D9: Ah Robins Inc S.A.S.
C10: 860010268 - 1 | D10: Ajoveco S.A.S.
C11: 830017238 - 1 | D11: Al Pharma S.A.S.
C12: 900347422 - 1 | D12: Alergologos Clinicos Asociados S.A.S.
C13: 900320096 - 4 | D13: Alexion Pharma Colombia S.A.S.
... C285: 901327440-0 | D285: Soluciones Ambientales Sostenibles Punto Azul S.A.S.

Sheet Prog egres coleg. Acodesi
B3: Antropología
B4: Arquitectura
B5: Bacteriología
B6: Biología
B7: Bioingeniería
B8: Ciencia de Datos
B9: Ciencia de la Información Bibliotecología y Archivística
B10: Contaduría Pública
B11: Diseño Industrial
B12: Ecología
B13: Economía
B14: Enfermería
... B36: Teología

Sheet Entidades ACHC
B2: RAZON SOCIAL | C2: MUNICIPIO | D2: DEPARTAMENTO
B3: Alergólogos De Occidente S.A.S | C3: Cali | D3: Valle
B4: Amarey Nova Medical S.A. | C4: Bogotá | D4: Cundinamarca
B5: Amedi S.A.S
B6: Ami Pallium Colombia S.A.S
B7: Angiografía De Occidente S.A. | C7: Cali | D7: Valle
B8: Asociacion Colombiana De Instituciones De Salud Domiciliaria | C8: Bogota | D8: Cundinamarca
B9: Asociación De Hospitales Y Empresas Sociales Del Estado Del Departamento Del Valle Del Cauca – Asohosval | C9: Cali | D9: Valle
B10: Asociación Pro-Bienestar De La Familia Colombiana-Profamilia | C10: Bogotá | D10: Cundinamarca
B11: B. Braun Medical S.A. | C11: Bogotá | D11: Cundinamarca
B12: Becton Dickinson De Colombia Ltda | C12: Cota | D12: Cundinamarca
B13: Benjamin Barney Gasca | C13: Florida | D13: Valle
B14: Best Home Care
B15: Bioart S.A. | C15: Cali | D15: Valle
B16: Bionexo Colombia S.A.S. | C16: Bogotá | D16: Cundinamarca
B17: Biotronitech Colombia Sas | C17: Bogotá | D17: Cundinamarca
B18: Carvajal Servicios S.A.S | C18: Bogotá | D18: Cundinamarca
B19: Cediul S.A. | C19: Barranquilla | D19: Atlántico
B20: Centenario | C20: Sevilla | D20: Valle
B21: Centro Diagnóstico De Especialistas -Clínica Cedes Ltda. | C21: Riohacha | D21: La Guajira
B22: Centro Médico Buenos Aires Ltda | C22: Cartagena | D22: Bolívar
B23: Centro Médico Imbanaco De Cali S.A. | C23: Cali | D23: Valle
B24: Centro Médico Oftalmológico Y Laboratorio Clínico Andrade Narvaez Sociedad Por Acciones Simplificada | C24: Bogotá | D24: Cundinamarca
B25: Clínica Altos De San Vicente Ltda. | C25: Barranquilla | D25: Atlántico
B26: Clínica Atenas Ltda Ips | C26: Barranquilla | D26: Atlántico
... B67: Colsalud S.A. Clínica Mar Caribe | C67: Santa Marta | D67: Magdalena
B68: Corporación Hospital Infantil Concejo De Medellín
B69: Corporación Hospitalaria Juan Ciudad | C69: Bogotá | D69: Cundinamarca
B70: Corporación Para Estudios En Salud Ces | C70: Medellín | D70: Antioquia
B71: Corporación Salud Un Hospital Universitario Nacional | C71: Bogotá | D71: Cundinamarca
B72: Cruz Roja Colombiana Seccional Cundinamarca Y Bogotá | C72: Bogotá | D72: Cundinamarca
B73: Cuidado Seguro En Casa Ips
B74: Cuidarte Tu Salud S.A.S
B75: Dacare Ips
B76: Davita Sas | C76: Bogotá | D76: Cundinamarca
B77: Dime Clinica Neurocardiovascular S.A. | C77: Cali | D77: Valle
B78: Disama Medic S.A.S. - Clínica La Misericordia | C78: Barranquilla | D78: Atlántico
B79: Divino Niño | C79: Buga | D79: Valle
B80: E.S.E Hospital San Roque | C80: El Carmen De Atrato | D80: Quibdo
B81: E.S.E Hospital Departamental San Antonio | C81: Roldanillo | D81: Valle
B82: E.S.E Hospital Departamental Tomas Uribe Uribe (Asohosval) | C82: Tuluá | D82: Valle
B83: E.S.E Hospital Departamental Tomas Uribe Uribe.
B84: E.S.E Hospital Departamental Universitario Del Quindio San Juan De Dios | C84: Armenia | D84: Quindio
B85: E.S.E Hospital General De Medellín, Luz Castro De Gutiérrez (Cohan) | C85: Medellín | D85: Antioquia
B86: E.S.E Hospital General De Medellín, Luz Castro De Gutiérrez (Cohan)
B87: E.S.E Imsalud | C87: Cúcuta | D87: Norte De Santander
B88: E.S.E. Bellosalud | C88: Bello | D88: Antioquia
B89: E.S.E. Carisma | C89: Medellín | D89: Antioquia
B90: E.S.E. Centro Dermatológico Federico Lleras Acosta | C90: Bogotá | D90: Cundinamarca
B91: E.S.E. Hospital Atrato Medio Antioqueño | C91: Vigía Del Fuerte | D91: Antioquia
B92: E.S.E. Hospital Municipal San Roque | C92: San Roque | D92: Antioquia
B93: E.S.E. Hospital San Rafael | C93: Ebéjico | D93: Antioquia
B94: E.S.E. Hospital Antonio Roldan Betancur | C94: La Pintada | D94: Antioquia
B95: E.S.E. Hospital César Uribe Piedrahíta | C95: Caucasia | D95: Antioquia
B96: E.S.E. Hospital Del Sur Gabriel Jaramillo Piedrahíta | C96: Itagui | D96: Antioquia
B97: E.S.E. Hospital Departamental San Antonio - Pitalito | C97: Pitalito | D97: Huila
B98: E.S.E. Hospital El Carmen | C98: Amalfi | D98: Antioquia
... B225: Expertos Seguridad Ltda | C225: Medellín | D225: Antioquia
B226: Famicare Clinica Día S.A.S
B227: Fisiosalud Del Cauca Ips S.A.S
B228: Flash Medica
B229: Forja Empresas S.A.S
B230: Francineth Sanchez Hurtado | C230: Vijes | D230: Valle
B231: Fresenius Medical Care Colombia S.A. | C231: Bogotá | D231: Cundinamarca
B232: Fundación Valle Del Lili | C232: Cali | D232: Valle
B233: Fundación Amiga Del Paciente | C233: Pamplona | D233: Norte De Santander
B234: Fundación Campbell | C234: Barranquilla | D234: Atlántico
B235: Fundación Cardioinfantil - Instituto De Cardiología | C235: Bogotá | D235: Cundinamarca
B236: Fundación Clínica Abood Shaio | C236: Bogotá | D236: Cundinamarca
B237: Fundación Clínica Del Norte | C237: Bello | D237: Antioquia
B238: Fundación Clínica Infantil Club Noel | C238: Cali | D238: Valle
B239: Fundación Hospital De La Misericordia | C239: Bogotá | D239: Cundinamarca
B240: Fundación Hospital San Carlos | C240: Bogotá | D240: Cundinamarca
B241: Fundación Hospital San José De Buga | C241: Buga | D241: Valle
... B243: Fundación Hospital Universidad Del Norte - Uninorte | C243: Soledad | D243: Atlántico
B244: Fundación Hospitalaria San Vicente De Paul
B245: Fundación Hospitalaria San Vicente De Paul (Cohan) | C245: Medellín | D245: Antioquia
B246: Fundación Javeriana De Servicios Médicos Odontológicos Interuniversitarios Carlos Márquez Villegas - Javesalud | C246: Bogotá | D246: Cundinamarca
B247: Fundación Oftalmológica De Santander Foscal | C247: Floridablanca | D247: Santander
B248: Fundación Santa Fe De Bogotá | C248: Bogotá | D248: Cundinamarca
B249: Fundación Unión Para El Control Del Cáncer "Unicancer" | C249: Cali | D249: Valle
B250: Gestión Salud S.A.S. | C250: Cartagena | D250: Bolívar
B251: Gonzalo Contreras | C251: La Union | D251: Valle
B252: Health And Life
B253: Hermanas Hospitalarias Del Sagrado Corazon De Jasus - Clinica La Inmaculada | C253: Bogotá | D253: Cundinamarca
B254: Home Salud
B255: Hospital Infantil Los Ángeles | C255: Pasto | D255: Nariño
B256: Hospital Infantil Napoleón Franco Pareja | C256: Cartagena | D256: Bolívar
B257: Hospital Mental Nuestra Señora Del Perpetuo Socorro | C257: Pasto | D257: Nariño
B258: Hospital Militar Central | C258: Bogotá | D258: Cundinamarca
B259: Hospital Pablo Tobón Uribe | C259: Medellín | D259: Antioquia
B260: Hospital Pedro Saenz Diaz Ese | C260: Ulloa | D260: Valle
B261: Hospital Raul Orejuela Bueno | C261: Palmira | D261: Valle
B262: Hospital Regional De Moniquira Ese | C262: Moniquirá | D262: Boyacá
B263: Hospital San Jorge Del Calima Darian
B264: Hospital Santa Ana Ese | C264: Bolivar | D264: Valle
B265: Hospital Santander | C265: Caicedonia | D265: Valle
B266: Hospital Universitario Barrios Unidos - Médeiri
B267: Hospital Universitario Mayor - Méderi
B268: Hospital Universitario San Ignacio | C268: Bogotá | D268: Cundinamarca
...

Sheet Entidades Colfecar
B2: RAZÓN SOCIAL | C2: NIT NUMERO
B3: Adispetrol S.A. | C3: 860054978
B4: Almagrario S A | C4: 899999049
B5: Almaviva Global Cargo S.A | C5: 800233052
B6: American Logistics De Colombia S.A.S | C6: 830057762
B7: Anava Transport S.A.S | C7: 900421601
B8: Asociación De Transportadores Especiales | C8: 811036515
B9: Bgp Container & Logistics S.A | C9: 835000770
B10: C.T.L. Mass Conectando Transporte Y Logística S.A.S | C10: 901140841
B11: C&S Logistica Transportadora S.A.S | C11: 900458857
B12: Carga Y Logistica De Colombia S.A. | C12: 900084672
B13: Carga Y Paquetes S.A | C13: 800237677
B14: Cayenne Group S.A.S | C14: 900518652
... B147: Zamcargo Logistica S.A.S | C147: 900724802
